 Dungeon Crawl Stone Soup version 0.31.0-12-g77e489cdc1 (webtiles) character file.

Game seed: 7711798047712239591

59 Silvore the Shield-Bearer (level 3, -4/33 HPs)
             Began as a Minotaur Fighter on Feb 21, 2024.
             Slain by jimmypageman's ghost (10 damage)
             ... on level 3 of the Dungeon.
             The game lasted 00:01:48 (1357 turns).

Silvore the Shield-Bearer (Minotaur Fighter)        Turns: 1357, Time: 00:01:48

Health: -4/33      AC:  9    Str: 22    XL:     3   Next: 78%
Magic:  2/2        EV:  8    Int:  5    God:
Gold:   173        SH:  4    Dex:  9    Spells: 2/2 levels left

rFire   . . .        a - +1 war axe
rCold   . . .        c - +0 buckler
rNeg    . . .        m - +0 chain mail
rPois   .            (helmet restricted)
rElec   .            (no cloak)
rCorr   .            (no gloves)
SInv    .            (no boots)
Will    .....        (no amulet) Stlth
                     (no ring)
HPRegen 0.25/turn    (no ring)
MPRegen 0.08/turn

%: no passive effects
@: no status effects
A: horns 2, retaliatory headbutt
a: no special abilities


You were on level 3 of the Dungeon.
You visited 1 branch of the dungeon, and saw 3 of its levels.

You collected 173 gold pieces.

Inventory:

Hand Weapons
 a - a +1 war axe (weapon)
Armour
 b - a +0 scale mail
 c - a +0 buckler (worn)
 m - a +0 chain mail (worn)
Jewellery
 h - a ring of protection from fire
Scrolls
 j - 4 scrolls of teleportation
 l - a scroll of revelation
Potions
 d - a potion of might
 e - a potion of attraction {unknown}
 f - a potion of curing {unknown}
 g - a potion of ambrosia {unknown}
 i - 2 potions of invisibility {unknown}


   Skills:
 + Level 3.9 Fighting
 + Level 3.5 Axes
 + Level 4.1 Armour
 + Level 0.2 Dodging
 + Level 4.4 Shields


You had 2 spell levels left.
You didn't know any spells.
Your spell library contained the following spells:

 Spells                   Type           Power      Damage    Failure   Level
 Freeze                   Ice            0%         1d3       99%         1
 Frozen Ramparts          Ice            0%         1d1       100%        3
 Hailstorm                Conj/Ice       0%         3d5       100%        3
 Inner Flame              Hex/Fire       0%         N/A       100%        3
 Irradiate                Conj/Alch      0%         3d11      100%        5
 Ignition                 Fire           0%         3d3       100%        8


Dungeon Overview and Level Annotations

Branches:
Dungeon (3/15)

Altars:
Ashenzari
Trog
Zin
The Shining One

Shops:
D:1 !

Annotations:
D:3 jimmypageman's ghost, amateur GrFi


Innate Abilities, Weirdness & Mutations

You have a pair of horns on your head.
You reflexively headbutt those who attack you in melee.


Message History

It is a scroll of enchant weapon.
Your +0 war axe glows red for a moment.
Jimmypageman's ghost turns its malevolent gaze towards you.
You open the gate. You slash jimmypageman's ghost!
Your headbutt misses jimmypageman's ghost.
Jimmypageman's ghost is moderately damaged.
You block jimmypageman's ghost's attack.
Jimmypageman's ghost hits you but does no damage.
You hit jimmypageman's ghost.
Jimmypageman's ghost is moderately damaged.
Jimmypageman's ghost hits you!
You hit jimmypageman's ghost.
Your headbutt misses jimmypageman's ghost.
Jimmypageman's ghost is heavily damaged.
You feel your willpower return.
Jimmypageman's ghost hits you but does no damage.
You closely miss jimmypageman's ghost.
Jimmypageman's ghost is heavily damaged.
Jimmypageman's ghost hits you but does no damage.
Jimmypageman's ghost barely misses you. You furiously retaliate!
You headbutt jimmypageman's ghost, but do no damage.
You barely miss jimmypageman's ghost.
You headbutt jimmypageman's ghost, but do no damage.
Jimmypageman's ghost is heavily damaged.
You block jimmypageman's ghost's attack.
You closely miss jimmypageman's ghost.
Jimmypageman's ghost is heavily damaged.
Jimmypageman's ghost barely misses you.
You barely miss jimmypageman's ghost. You headbutt jimmypageman's ghost!
Jimmypageman's ghost is severely damaged.
Jimmypageman's ghost hits you.
Jimmypageman's ghost hits you but does no damage.
You are electrocuted!
You barely miss jimmypageman's ghost.
Jimmypageman's ghost is severely damaged.
Jimmypageman's ghost hits you!
* * * LOW HITPOINT WARNING * * *
You are electrocuted!
You die...

....######..#...## #...### ###.#
##..##..# #...### ###.# ##.....#
############ ..#.###
####..#####........... #.....##
#........#.##.#####
####...#########.##......##.#####
#.#...#.....#......#####..####
#.#####(...(#..#...## ##..# #.#
#..8..W@...#..### ##.# #.#
#♣....'...##....####.### #.##
#...(.'..###..#...##...# #..#
#.(...#..# ##.###....... ##.##
#.(..(#..# #.########.# #..#
########## #...## #.# # ##.# #.#
###..## #.# ######.# ##.#
##..####.. ....##.####..#
##..##...


You could see jimmypageman's ghost.

Vanquished Creatures
  2 adders
  5 bats
  6 endoplasms (D:2)
  5 giant cockroaches
  5 goblins
  3 hobgoblins
  2 quokkas (D:2)
  3 ball pythons (D:1)
  3 kobolds (D:1)
  4 rats
38 creatures vanquished.

Notes
Turn   | Place    | Note
-------+----------+-------------------------------------------
     0 | D:1      | Silvore the Minotaur Fighter began the quest for the Orb.
     0 | D:1      | Reached XP level 1. HP: 19/19 MP: 0/0
   173 | D:1      | Found Waofofan's Distillery.
   290 | D:1      | Reached XP level 2. HP: 27/27 MP: 1/1
   612 | D:2      | Reached XP level 3. HP: 33/33 MP: 2/2
  1063 | D:3      | Found a runed translucent gate.
  1063 | D:3      | Found a runed translucent gate.
  1063 | D:3      | Found a runed translucent gate.
  1063 | D:3      | Noticed jimmypageman's ghost (amateur GrFi)
  1108 | D:3      | Found a broken altar of Ashenzari.
  1111 | D:3      | Found a glowing golden altar of the Shining One.
  1112 | D:3      | Found a glowing silver altar of Zin.
  1112 | D:3      | Found a bloodstained altar of Trog.
  1357 | D:3      | Slain by jimmypageman's ghost

Illustrated notes

Levels and vault maps discovered:
D:1:      noname_arrival_rooms_in_the_neighbourhood, layout_rooms, serial_shops,
          nicolae_shop_tiny_glass, fountainhead, kennysheep_minor_cross,
          serial_bayou_crossing
D:2:      layout_rooms, hangedman_decor_growths, minmay_close_crescents
D:3:      layout_rooms, grunt_temple_overflow_open, ebering_ghost_rock_garden

Skill      XL: |  1  2  3 |
---------------+----------+-----
Shields        | 4 |  4.4
Armour         | 4 |  4.1
Axes           | 3 |  3.5
Fighting       | |  3.9
Dodging        | |  0.2

Action                     || total
---------------------------++-------
  Melee: War axe           ||    78
         Headbutt          ||    11
    Use: Scroll            ||     5
 Armour: Scale mail        ||    54
         Chain mail        ||     7
  Dodge: Dodged            ||    24
  Block: Buckler           ||    27
